 Dungeon Crawl Stone Soup version 0.19.5 (webtiles) character file.

739 Jeka24pyc the Cudgeler (level 7, -6/44 HPs)
             Began as a Gargoyle Fighter on May 1, 2017.
             Was a Follower of Okawaru.
             Mangled by an ogre
             ... wielding a +0 giant spiked club
              (9 damage)
             ... on level 4 of the Dungeon.
             The game lasted 00:06:20 (2739 turns).

Jeka24pyc the Cudgeler (Gargoyle Fighter)           Turns: 2739, Time: 00:06:21

Health: -6/44      AC: 14    Str: 20    XL:     7   Next: 75%
Magic:  7/7        EV:  7    Int:  9    God:    Okawaru [*.....]
Gold:   147        SH:  9    Dex: 10    Spells: 0 memorised, 6 levels left

rFire  . . .     SeeInvis .     a - +0 flail
rCold  . . .     Gourm    .     b - +0 scale mail
rNeg   + . .     Faith    .     c - +0 shield
rPois  ∞         Spirit   .     (no helmet)
rElec  +         Reflect  .     h - +0 cloak
rCorr  .         Harm     .     g - +0 pair of gloves
MR     .....                    (no boots)
Stlth  ..........               (no amulet)
                                (no ring)
                                n - ring of flight

@: no status effects
A: negative energy resistance 1, electricity resistance, unbreathing,
petrification resistance, rot immunity, AC +4
a: Heroism, Renounce Religion, Evoke Flight


You were on level 4 of the Dungeon.
You worshipped Okawaru.
Okawaru was aware of your devotion.
You were hungry.

You visited 1 branch of the dungeon, and saw 4 of its levels.

You collected 147 gold pieces.

Inventory:

Hand Weapons
 a - a +0 flail (weapon)
Armour
 b - a +0 scale mail (worn)
 c - a +0 shield (worn)
 g - a +0 pair of gloves (worn)
 h - a +0 cloak (worn)
Jewellery
 n - a ring of flight (left hand)
 w - an uncursed ring of positive energy {unknown}
Scrolls
 e - a scroll of blinking {unknown}
 i - 4 scrolls of identify {unknown}
 j - a scroll of amnesia {unknown}
 k - 4 scrolls of remove curse {unknown}
 l - 2 scrolls of noise {unknown}
 m - a scroll of enchant armour {unknown}
 s - 2 scrolls of immolation {unknown}
 t - a scroll of fog {unknown}
 x - a scroll of enchant weapon {unknown}
 y - a scroll of teleportation {unknown}
 z - a scroll of magic mapping {unknown}
Potions
 d - a potion of might
 o - 2 potions of cancellation {unknown}
 p - a potion of invisibility {unknown}
 q - a potion of brilliance {unknown}
 r - 2 potions of curing {unknown}
 A - a potion of lignification {unknown}
Comestibles
 f - 3 bread rations
 u - 2 meat rations
 v - a royal jelly


   Skills:
 + Level 4.5 Fighting
 * Level 6.6 Maces & Flails
 + Level 4.6 Armour
 + Level 0.8 Dodging
 + Level 4.4 Shields
 + Level 1.0 Invocations


You had 6 spell levels left.
You didn't know any spells.

Dungeon Overview and Level Annotations

Branches:
Dungeon (4/15)
 Temple: D:4-7

Altars:
Ashenzari
Makhleb
Okawaru
Xom
The Shining One


Innate Abilities, Weirdness & Mutations

You are resistant to torment.
Your stone body is resilient. (AC +4)
You are immune to poison.
You resist negative energy. (rN+)
You are resistant to electric shocks. (rElec)
You can survive without breathing.
You are immune to petrification.
You are immune to rotting.


Message History

* * * LOW HITPOINT WARNING * * *
You are too injured to fight recklessly!
You are too injured to fight recklessly!
You are too injured to fight recklessly!
You are too injured to fight recklessly!
You are too injured to fight recklessly!
You are too injured to fight recklessly!
You hit the ogre.
The ogre is heavily wounded.
You hit the ogre.
The ogre is severely wounded.
The ogre hits you with a giant spiked club.
* * * LOW HITPOINT WARNING * * *
You hit the ogre.
The ogre is severely wounded.
You block the ogre's attack.
You hit the ogre.
The ogre is almost dead.
The ogre hits you with a giant spiked club!
You die...

##...................
##.........####.......
##..........##
#.......
##............#
##......
#.............##
##.....
...............#
#.....
...............#
##....
...............# ##..[
#..O@.......# ##..
##.##.......# ### #
####....# ######


You could see an ogre.

Vanquished Creatures
  Grinder (D:4)
  A phantom (D:4)
  An ogre (D:4)
  A crimson imp (D:3)
  A hound (D:4)
  Terence (D:2)
  2 orc wizards (D:4)
  A worker ant (D:4)
  A hound skeleton (D:4)
  4 gnolls (D:3)
  5 adders
  An ooze (D:3)
  2 worms
  3 dart slugs
  A leopard gecko (D:1)
  10 orcs
  9 bats
  2 giant cockroaches
  8 goblins
  9 hobgoblins
  2 jackals
  2 quokkas
  3 frilled lizards
  6 kobolds
  3 rats
80 creatures vanquished.

Notes
Turn   | Place    | Note
-------+----------+-------------------------------------------
     0 | D:1      | Jeka24pyc the Gargoyle Fighter began the quest for the Orb.
     0 | D:1      | Reached XP level 1. HP: 14/14 MP: 1/1
   220 | D:1      | Reached XP level 2. HP: 17/19 MP: 2/2
   361 | D:1      | Reached skill level 3 in Maces & Flails
   666 | D:1      | Reached XP level 3. HP: 23/23 MP: 3/3
   875 | D:2      | Reached skill level 4 in Maces & Flails
   978 | D:2      | Reached XP level 4. HP: 23/28 MP: 4/4
  1024 | D:2      | Found an iron altar of Okawaru.
  1026 | D:2      | Noticed Terence
  1036 | D:2      | Killed Terence
  1052 | D:2      | Became a worshipper of Warmaster Okawaru
  1385 | D:3      | Reached XP level 5. HP: 32/32 MP: 5/5
  1426 | D:3      | Reached skill level 5 in Maces & Flails
  1684 | D:3      | Found a glowing golden altar of the Shining One.
  1861 | D:3      | Found a burning altar of Makhleb.
  1861 | D:3      | Found a shimmering altar of Xom.
  1947 | D:4      | Reached XP level 6. HP: 37/37 MP: 6/6
  2001 | D:4      | Reached * piety under Okawaru
  2093 | D:4      | Found a shattered altar of Ashenzari.
  2171 | D:4      | Noticed Grinder
  2171 | D:4      | Paralysed by Grinder for 5 turns
  2191 | D:4      | Killed Grinder
  2191 | D:4      | Reached skill level 6 in Maces & Flails
  2191 | D:4      | Reached XP level 7. HP: 39/43 MP: 7/7
  2648 | D:4      | Reached skill level 1 in Invocations
  2739 | D:4      | Mangled by an ogre

Skill      XL: |  1  2  3  4  5  6  7 |
---------------+----------------------+-----
Maces & Flails | 3 4 5 6 |  6.6
Fighting       | 4 |  4.5
Armour         | 4 |  4.6
Shields        | 4 |  4.4
Invocations    | 1 |  1.0
Dodging        | |  0.8

Action                   |  1- 3 |  4- 6 |  7- 9 || total
-------------------------+-------+-------+-------++-------
Melee: Flail             |   127 |   191 |    49 ||   367
  Eat: Chunk             |       |     5 |     1 ||     6
Armor: Scale mail        |    78 |    83 |    20 ||   181
Dodge: Dodged            |    43 |    63 |    12 ||   118
Block: Shield            |    72 |    87 |    17 ||   176
